 Dungeon Crawl Stone Soup version 0.22-a0-785-g6253c82ace (webtiles) character file.

149 Htamos the Changer (level 5, -4/25 HPs)
             Began as a Spriggan Transmuter on July 20, 2018.
             Was an Initiate of Gozag.
             Killed from afar by an orc wizard (12 damage)
             ... with a puff of frost
             ... on level 4 of the Dungeon.
             The game lasted 00:10:53 (4116 turns).

Htamos the Changer (Spriggan Transmuter)            Turns: 4116, Time: 00:10:54

Health: -4/25      AC:  2    Str:  6    XL:     5   Next: 9%
Magic:  8/12       EV: 24    Int: 15    God:    Gozag
Gold:   182        SH:  0    Dex: 22    Spells: 6/12 levels left

rFire    . . .     SeeInvis +     - Unarmed
rCold    . . .     Gourm    .   (shield currently unavailable)
rNeg     . . .     Faith    .   (armour currently unavailable)
rPois    x         Spirit   .   (helmet currently unavailable)
rElec    .         Reflect  .   (cloak currently unavailable)
rCorr    .         Harm     .   (gloves unavailable)
MR       .....                  (boots unavailable)
Stlth    ++........             (no amulet)
HPRegen  0.08/turn              (no ring)
MPRegen  0.13/turn              (no ring)

@: spider-form, gold aura
A: tiny, unfitting armour, see invisible, herbivore, slow metabolism 2
a: End Transformation, Potion Petition, Call Merchant, Bribe Branch, Renounce
Religion


You were on level 4 of the Dungeon.
You worshipped Gozag.
Gozag was aware of your devotion.
You were not hungry.
You were a venomous arachnid creature.
You visited 1 branch of the dungeon, and saw 4 of its levels.

You collected 217 gold pieces.
You paid 35 gold pieces to Gozag.

Inventory:

Hand Weapons
 e - a +2 hunting sling
 n - a +0 dagger of pain
Missiles
 a - 96 arrows
 h - 123 stones (quivered)
 m - 15 sling bullets
Armour
 b - a +0 robe (melded)
Scrolls
 f - 2 scrolls of teleportation {unknown}
 g - a scroll of fog {unknown}
 j - 3 scrolls of identify
Potions
 c - 2 potions of might {unknown}
 i - 2 potions of flight
 k - 2 potions of agility {unknown}
 l - a potion of lignification {unknown}
Comestibles
 d - 2 rations


   Skills:
 - Level 0.7 Fighting
 + Level 4.5 Dodging
 - Level 2.4 Unarmed Combat
 * Level 4.1 Spellcasting
 * Level 5.3 Transmutations


You had 6 spell levels left.
You knew the following spells:

 Your Spells              Type           Power        Failure   Level  Hunger
a - Beastly Appendage     Tmut           ###...       8%          1    None
b - Sticks to Snakes      Tmut           ###.....     11%         2    ##.....
c - Spider Form           Tmut/Pois      ##........   38%         3    ###....

Your spell library contained the following spells:

 Spells                   Type           Power        Failure   Level  Hunger
 Blade Hands              Tmut           ###.......   71%         5    ######.
 Ice Form                 Ice/Tmut       ##......     73%         4    ####...


Dungeon Overview and Level Annotations

Branches:
Dungeon (4/15)
 Temple: D:4-7

Altars:
Cheibriados
Gozag
Zin


Innate Abilities, Weirdness & Mutations

You are very small and have problems with some larger weapons.
You are too small for most types of armour.
You have supernaturally acute eyesight. (SInv)
You are a herbivore.
((You cover ground extremely quickly.))
You need to consume almost no food.


Message History

You barely miss the orc wizard.
The orc wizard is moderately wounded.
The hobgoblin is no longer distracted by gold.
The hobgoblin is distracted by the nearby gold.
The orc wizard casts a spell at you. The puff of flame misses you.
The hobgoblin shouts!
You hit the orc wizard but do no damage.
The orc wizard looks as sick as possible!
The orc wizard is heavily wounded.
The orc wizard hits you with a dagger.
* * * LOW HITPOINT WARNING * * *
Unknown command.
You closely miss the orc wizard.
The orc wizard is heavily wounded.
The orc wizard completely misses you.
The orc wizard points at you and mumbles some strange words.
The puff of frost hits you!
You die...
Your body crumbles into a pile of gold.

##...#.# ....#..(
#.....[#####....#..#
#..#......#.....#g.####
#..######.#..#.........
###.......#.#..#...g.....
#...#.#.....#....g$.#...$
#.#.#.#.#...#.....o....<(
#.......<<#.#.go...##....
#...#.#...#s#............
#...#.#.#.#o##.?##.###.%
#...#.#.#.#gg.g.[...#
#...#.#.#...g...##.o..
#...#.#.#.......# #.%..
#.....#.#.####### #####
#.........# ##.####.###
#.####.#


You could see an orc wizard, 2 hobgoblins and a goblin.

Vanquished Creatures
  A bullfrog zombie (D:3)
  An adder (D:3)
  An ooze (D:2)
  2 worms (D:3)
  8 dart slugs
  5 leopard geckos
  4 orcs
  3 giant cockroaches
  6 goblins
  10 hobgoblins
  2 jackals (D:2)
  5 kobolds
  2 quokkas
  A ball python (D:3)
  10 bats
  3 frilled lizards
  5 rats
69 creatures vanquished.

Notes
Turn   | Place    | Note
-------+----------+-------------------------------------------
     0 | D:1      | Htamos the Spriggan Transmuter began the quest for the Orb.
     0 | D:1      | Reached XP level 1. HP: 9/9 MP: 5/5
    53 | D:1      | Reached skill level 3 in Transmutations
   194 | D:1      | Reached XP level 2. HP: 13/14 MP: 4/6
   198 | D:1      | Learned a level 2 spell: Sticks to Snakes
   785 | D:1      | Reached XP level 3. HP: 14/17 MP: 6/8
   790 | D:1      | Learned a level 3 spell: Spider Form
  1011 | D:1      | Reached skill level 4 in Transmutations
  2620 | D:3      | Reached XP level 4. HP: 16/21 MP: 8/10
  2827 | D:3      | Reached skill level 5 in Transmutations
  3185 | D:3      | Found an opulent altar of Gozag.
  3186 | D:3      | Found a glowing silver altar of Zin.
  3199 | D:3      | Became a worshipper of Gozag Ym Sagoz the Greedy
  3707 | D:3      | Found a snail-covered altar of Cheibriados.
  3890 | D:3      | Reached XP level 5. HP: 20/25 MP: 12/12
  4116 | D:4      | Killed from afar by an orc wizard

Vault maps used:
D:1:      lightli_molten_gateway, minmay_tetromino_o2
D:2:      first_ration
D:3:      grunt_temple_overflow_gold_and_silver, cheibriados_altar_1
D:4:      uniq_robin, uniq_natasha

Skill      XL: |  1  2  3  4 |
---------------+-------------+-----
Transmutations | 3 4 5 |  5.3
Spellcasting   | 3 4 |  4.1
Dodging        | 4 |  4.5
Fighting       | |  0.7
Unarmed Combat | |  2.4

Action                   |  1- 3 |  4- 6 || total
-------------------------+-------+-------++-------
Melee: Unarmed           |   165 |   133 ||   298
       Kick              |    17 |     7 ||    24
       Headbutt          |    15 |     5 ||    20
 Cast: Beastly Appendage |    29 |    11 ||    40
       Spider Form       |       |     6 ||     6
Invok: Potion Petition   |       |     1 ||     1
  Use: Scroll            |     5 |       ||     5
       Potion            |       |     2 ||     2
 Stab: Sleeping          |     3 |     1 ||     4
       Distracted        |       |     1 ||     1
  Eat: Ration            |       |     1 ||     1
Armor: Robe              |    10 |    11 ||    21
       Skin              |       |     1 ||     1
Dodge: Dodged            |   140 |   118 ||   258

Table legend:
 A = Spawn XP
 B = Non-spawn XP
 C = Spawn XP percentage of total XP
 D = Spawn monster count
 E = Non-spawn monster count
 F = Spawn count percentage of total count
 G = Total turns spent on level
                    A         B        C        D         E        F      G
               +---------+---------+-------+---------+---------+-------+---------
         Total |       0 |     213 |   0.0 |       0 |      69 |   0.0 |  4116
               +---------+---------+-------+---------+---------+-------+---------
           D:1 |       0 |      49 |   0.0 |       0 |      22 |   0.0 |  1154
           D:2 |       0 |      42 |   0.0 |       0 |      16 |   0.0 |  1414
           D:3 |       0 |     107 |   0.0 |       0 |      25 |   0.0 |  1474
           D:4 |       0 |      15 |   0.0 |       0 |       6 |   0.0 |    74
               +---------+---------+-------+---------+---------+-------+---------
